 Dungeon Sprint DCSS version 0.22-a0-425-g89d60a1 (webtiles) character file.

14527 emperorscorpion the Blocker (level 11, -1/105 HPs)
             Began as a Minotaur Fighter on May 24, 2018.
             Was a Follower of Uskayaw.
             Slain by a great orb of eyes (5 damage)
             ... in the Dungeon (Sprint IX: "|||||||||||||||||||||||||||||").
             The game lasted 00:12:44 (1468 turns).

emperorscorpion the Blocker (Minotaur Fighter)      Turns: 1468, Time: 00:12:45

Health: -1/105     AC: 21    Str: 21    XL:     11   Next: 89%
Magic:  11/19      EV: 15    Int:  8    God:    Uskayaw [*.....]
Gold:   1076       SH: 15    Dex: 16    Spells: 18/21 levels left

rFire    . . .     SeeInvis .   a - +8 scimitar (flame)
rCold    . . .     Gourm    .   c - +1 shield
rNeg     . . .     Faith    .   t - +6 scale mail
rPois    .         Spirit   .   (helmet restricted)
rElec    .         Reflect  .   N - +1 cloak
rCorr    .         Harm     .   s - +0 pair of gloves
MR       .....     NoTele   +   y - +0 pair of boots
Stlth    ++........             (no amulet)
HPRegen  0.27/turn              u - +3 ring of intelligence
MPRegen  0.16/turn              v - +3 ring of dexterity

@: no status effects
A: retaliatory headbutt, horns 2
a: Stomp, Renounce Religion


You were in the Dungeon.
You worshipped Uskayaw.
Uskayaw was pleased with you.
You were hungry.

You visited 1 branch You collected 1924 gold pieces.
You spent 848 gold pieces at shops.

Inventory:

Hand Weapons
 a - a +8 scimitar of flaming (weapon)
 b - a +2 hand crossbow of velocity
 r - a +0 long sword
 w - a +2 scimitar of electrocution
 G - a +0 blowgun
 M - a +3 quick blade
Missiles
 C - 64 bolts
 E - 8 curare-tipped needles
Armour
 c - a +1 shield (worn)
 s - a +0 pair of gloves (worn)
 t - a +6 scale mail (worn)
 y - a +0 pair of boots (worn)
 D - a +0 scale mail
 N - a +1 cloak (worn)
Magical Staves
 q - an uncursed staff of energy
Jewellery
 l - an uncursed ring of ice
 u - a +3 ring of intelligence (left hand)
 v - a +3 ring of dexterity (right hand)
 I - an uncursed ring of poison resistance
 J - an uncursed ring of protection from magic
 K - an uncursed ring of protection from cold
 L - an uncursed ring of see invisible
Wands
 p - a wand of acid (10)
Scrolls
 k - 7 scrolls of blinking
 n - 4 scrolls of remove curse
 o - 2 scrolls of amnesia
 x - 4 scrolls of identify
 F - a scroll of immolation
 H - 2 scrolls of fear
Potions
 d - 2 potions of might
 e - a potion of invisibility
 g - 5 potions of heal wounds
 h - 2 potions of haste
 i - 4 potions of magic
 j - 2 potions of berserk rage
 m - 6 potions of curing
 z - 3 potions of agility
 A - a potion of brilliance
Comestibles
 f - 11 rations
 B - 2 chunks of flesh


   Skills:
 + Level 12.6 Fighting
 - Level 14.0 Long Blades
 + Level 3.1 Crossbows
 + Level 12.4 Armour
 + Level 7.6 Dodging
 + Level 5.5 Stealth
 + Level 14.1 Shields
 * Level 5.5 Spellcasting
 * Level 5.5 Charms
 * Level 6.1 Necromancy
 + Level 12.9 Invocations


You had 18 spell levels left.
You knew the following spells:

 Your Spells              Type           Power        Failure   Level  Hunger
r - Regeneration          Chrm/Necr      ##........   17%         3    ###....

Your spell library contained the following spells:

 Spells                   Type           Power        Failure   Level  Hunger
 Shroud of Golubria       Chrm/Tloc      #.........   30%         2    ##.....
 Infusion                 Chrm           ##..         6%          1    #......
 Song of Slaying          Chrm           ##......     10%         2    ##.....
 Spectral Weapon          Hex/Chrm       #.......     52%         3    ###....


Dungeon Overview and Level Annotations

Branches:
Dungeon (1/1)

Altars:
Cheibriados
Dithmenos
Elyvilon
Fedhas
Gozag
Hepliaklqana
Kikubaaqudgha
Makhleb
Nemelex Xobeh
Okawaru
Qazlal
Ru
Sif Muna
Trog
Uskayaw
Vehumet
Wu Jian
Xom
Yredelemnul
Zin
The Shining One
Beogh
Jiyva
Lugonu

Shops:
D ([(?


Innate Abilities, Weirdness & Mutations

You reflexively headbutt those who attack you in melee.
You have a pair of horns on your head.


Message History

The ettin hits you but does no damage. The ettin hits you with a dire flail.
* * * LOW HITPOINT WARNING * * *
You block the great orb of eyes's attack.
You barely miss the ettin.
You headbutt the ettin, but do no damage.
The ettin is severely wounded.
The ettin misses you. You furiously retaliate!
You headbutt the ettin!
You riposte.
You hit the ettin but do no damage.
You headbutt the ettin, but do no damage.
The ettin is almost dead.
You block the ettin's attack.
You hit the ettin but do no damage.
You headbutt the ettin, but do no damage.
The ettin is almost dead.
You block the great orb of eyes's attack.
You hit the ettin. You burn the ettin. You headbutt the ettin.
The ettin is almost dead.
The ettin misses you. You block the ettin's attack.
The great orb of eyes bites you.
You die...

▓.▓.▓.▓.▓.▓.▓
▓.▓.▓.▓.▓.▓.▓.▓
▓.▓.▓)▓.▓'▓.▓.▓
▓.▓.▓.▓.▓)▓.▓.▓
▓D▓.▓∩▓.▓.▓.▓.▓
▓y▓.▓.▓.▓.▓.▓)▓
▓C▓.▓∩▓.▓.▓.▓.▓
▓G▓.▓.▓.▓.▓.▓.▓
▓@▓.▓∩▓.▓.▓.▓.▓
▓C▓.▓)▓.▓.▓.▓[▓
▓)▓.▓∩▓.▓.▓.▓.▓
▓)▓.▓.▓.▓.▓.▓)▓
▓(▓.▓)▓(▓†▓.▓.▓
▓(▓.▓)▓.▓.▓.▓.▓
▓(▓.▓)▓.▓†▓.▓.▓
▓.▓.▓)▓.▓'▓.▓'▓
▓.▓.▓)▓.▓.▓.▓_▓


You could see a fire dragon, a great orb of eyes, 2 ettins and a moth of wrath.

Vanquished Creatures
  A stone giant (D)
  Erolcha (D)
  Harold (D)
  A centaur warrior (D)
  A two-headed ogre (D)
  Sonja (D)
  2 orc high priests (D)
  2 orc knights (D)
  5 orc sorcerers (D)
  A manticore (D)
  A cyclops (D)
  A gargoyle (D)
  A spiny frog (D)
  An efreet (D)
  A yaktaur (D)
  2 hippogriffs (D)
  A shadow (D)
  A wraith (D)
  A yak (D)
  A vampire mosquito (D)
  2 wargs (D)
  3 water moccasins (D)
  A hell hound (D)
  3 porcupines (D)
  8 orc warriors (D)
  A necrophage (D)
  6 wolves (D)
  2 centaurs (D)
  3 crocodiles (D)
  4 bullfrogs (D)
  A scorpion (D)
  A killer bee (D)
  A howler monkey (D)
  A crimson imp (D)
  A hound (D)
  2 jellies (D)
  14 orc wizards (D)
  A worker ant (D)
  2 adders (D)
  A leopard gecko (D)
  8 orcs (D)
  A bat skeleton (D)
  A kobold (D)
  A ball python (D)
  2 bats (D)
  A rat (D)
99 creatures vanquished.

Notes
Turn   | Place    | Note
-------+----------+-------------------------------------------
     0 | D        | emperorscorpion the Minotaur Fighter began the quest for the Orb.
     0 | D        | Reached XP level 1. HP: 19/19 MP: 0/0
    64 | D        | Noticed a worker ant
    64 | D        | Noticed a jelly
    64 | D        | Noticed a scorpion
    64 | D        | Noticed a howler monkey
    74 | D        | Killed a howler monkey
    74 | D        | Reached skill level 5 in Fighting
    74 | D        | Reached skill level 5 in Shields
    74 | D        | Reached XP level 2. HP: 22/29 MP: 1/1
    74 | D        | Reached XP level 3. HP: 28/36 MP: 2/2
    79 | D        | Killed a scorpion
    79 | D        | Reached skill level 1 in Dodging
    79 | D        | Reached XP level 4. HP: 22/45 MP: 3/3
    82 | D        | HP: 2/45 [worker ant (3)]
    87 | D        | Reached skill level 5 in Long Blades
    87 | D        | Reached XP level 5. HP: 1/52 MP: 4/4
    96 | D        | Found a roughly hewn altar of Beogh.
    96 | D        | Found a snail-covered altar of Cheibriados.
    96 | D        | Found a shadowy altar of Dithmenos.
    96 | D        | Found a white marble altar of Elyvilon.
    96 | D        | Found a blossoming altar of Fedhas.
    96 | D        | Found an opulent altar of Gozag.
    97 | D        | Found a hazy altar of Hepliaklqana.
    98 | D        | Found a viscous altar of Jiyva.
    99 | D        | Found an ancient bone altar of Kikubaaqudgha.
   100 | D        | Found a corrupted altar of Lugonu.
   101 | D        | Found a burning altar of Makhleb.
   102 | D        | Found a sparkling altar of Nemelex Xobeh.
   103 | D        | Found an iron altar of Okawaru.
   104 | D        | Found a stormy altar of Qazlal.
   105 | D        | Found a sacrificial altar of Ru.
   106 | D        | Found a deep blue altar of Sif Muna.
   107 | D        | Found a bloodstained altar of Trog.
   108 | D        | Found a hide-covered altar of Uskayaw.
   109 | D        | Found a radiant altar of Vehumet.
   110 | D        | Found an ornate altar of the Wu Jian Council.
   111 | D        | Found a shimmering altar of Xom.
   112 | D        | Found a basalt altar of Yredelemnul.
   113 | D        | Found a glowing silver altar of Zin.
   114 | D        | Found a glowing golden altar of the Shining One.
   116 | D        | Became a worshipper of Uskayaw the Reveler
   386 | D        | Noticed a centaur
   388 | D        | Reached * piety under Uskayaw
   391 | D        | Killed a centaur
   391 | D        | Reached ** piety under Uskayaw
   392 | D        | Reached XP level 6. HP: 61/61 MP: 5/5
   392 | D        | Reached *** piety under Uskayaw
   398 | D        | Reached **** piety under Uskayaw
   399 | D        | Reached skill level 1 in Invocations
   410 | D        | Noticed an efreet
   410 | D        | Noticed a gargoyle
   410 | D        | Noticed an orc warrior
   419 | D        | Reached skill level 1 in Stealth
   425 | D        | Reached ***** piety under Uskayaw
   426 | D        | Killed an orc warrior
   426 | D        | Reached XP level 7. HP: 50/70 MP: 6/8
   436 | D        | Killed a gargoyle
   436 | D        | Reached skill level 10 in Armour
   436 | D        | Reached skill level 10 in Shields
   436 | D        | Reached skill level 5 in Invocations
   438 | D        | Reached ****** piety under Uskayaw
   440 | D        | Killed an efreet
   440 | D        | Reached XP level 8. HP: 22/79 MP: 7/11
   546 | D        | Learned a level 3 spell: Regeneration
   690 | D        | Noticed a spiny frog
   694 | D        | Reached skill level 10 in Fighting
   694 | D        | Reached skill level 10 in Long Blades
   702 | D        | Killed a spiny frog
   702 | D        | Reached skill level 5 in Dodging
   711 | D        | Reached XP level 9. HP: 86/86 MP: 13/13
   773 | D        | Reached skill level 1 in Charms
   773 | D        | Reached skill level 1 in Necromancy
   797 | D        | Reached skill level 1 in Spellcasting
   850 | D        | Noticed Harold
   861 | D        | Killed Harold
   861 | D        | Reached skill level 10 in Invocations
   861 | D        | Reached XP level 10. HP: 61/96 MP: 16/16
   915 | D        | Noticed an orc sorcerer
   925 | D        | Killed an orc sorcerer
   973 | D        | Noticed an orc high priest
   973 | D        | Noticed an orc knight
   987 | D        | Killed an orc knight
   992 | D        | Noticed an orc high priest
   999 | D        | Noticed a sun demon
  1000 | D        | Killed an orc high priest
  1000 | D        | Noticed an orc knight
  1007 | D        | Killed an orc high priest
  1007 | D        | Reached skill level 5 in Stealth
  1014 | D        | Killed an orc knight
  1017 | D        | Reached XP level 11. HP: 53/104 MP: 9/18
  1025 | D        | Found Zuedyago's Magic Scroll Boutique.
  1029 | D        | Noticed an orc sorcerer
  1033 | D        | Found Wil Keczawu's Weapon Shop.
  1033 | D        | Noticed an orc sorcerer
  1036 | D        | Noticed an orc sorcerer
  1045 | D        | Killed an orc sorcerer
  1046 | D        | Found Jifoa's Antique Armour Boutique.
  1047 | D        | Killed an orc sorcerer
  1048 | D        | Noticed a sixfirhy
  1051 | D        | Killed an orc sorcerer
  1051 | D        | Found Zysynnic's Weapon Shop.
  1119 | D        | Noticed an orc sorcerer
  1133 | D        | Killed an orc sorcerer
  1143 | D        | Bought 19 bolts for 41 gold pieces
  1143 | D        | Bought a +1 hand crossbow of velocity for 134 gold pieces
  1143 | D        | Bought 25 bolts for 55 gold pieces
  1212 | D        | Bought a scroll of enchant armour for 90 gold pieces
  1212 | D        | Bought a scroll of identify for 24 gold pieces
  1212 | D        | Bought a scroll of identify for 24 gold pieces
  1212 | D        | Bought a scroll of remove curse for 36 gold pieces
  1212 | D        | Bought a scroll of immolation for 42 gold pieces
  1212 | D        | Bought a scroll of blinking for 90 gold pieces
  1212 | D        | Bought a scroll of enchant armour for 90 gold pieces
  1212 | D        | Bought a scroll of blinking for 90 gold pieces
  1212 | D        | Bought a scroll of enchant weapon for 90 gold pieces
  1212 | D        | Bought a scroll of fear for 42 gold pieces
  1244 | D        | Noticed Erolcha
  1251 | D        | Killed Erolcha
  1305 | D        | Noticed Sonja
  1338 | D        | Killed Sonja
  1338 | D        | Reached skill level 1 in Crossbows
  1338 | D        | Reached skill level 5 in Necromancy
  1437 | D        | Noticed a two-headed ogre
  1440 | D        | Noticed a centaur warrior
  1443 | D        | Noticed an ettin
  1447 | D        | Noticed a stone giant
  1449 | D        | Reached skill level 5 in Spellcasting
  1449 | D        | Noticed a great orb of eyes
  1452 | D        | Killed a two-headed ogre
  1452 | D        | Reached skill level 5 in Charms
  1455 | D        | Noticed an ettin
  1459 | D        | Killed a centaur warrior
  1459 | D        | Noticed a fire dragon
  1463 | D        | Killed a stone giant
  1463 | D        | HP: 5/105 [ettin/dire flail (28)]
  1468 | D        | Slain by a great orb of eyes

Vault maps used:
D:        linesprint

Skill      XL: |  1  2  3  4  5  6  7  8  9 10 11 |
---------------+----------------------------------+-----
Fighting       | 5 6 7 8 9 10 11 12 | 12.6
Armour         | 6 7 8 9 10 11 12 | 12.4
Shields        | 5 6 7 8 9 10 11 12 13 14 | 14.1
Long Blades    | 3 4 5 6 8 9 11 13 14 | 14.0
Dodging        | 1 2 3 4 5 6 7 |  7.6
Invocations    | 3 5 7 10 11 12 | 12.9
Stealth        | 1 2 3 4 5 |  5.5
Charms         | 2 3 5 |  5.5
Necromancy     | 2 3 6 |  6.1
Spellcasting   | 2 3 5 |  5.5
Crossbows      | 3 |  3.1

Action                   |  1- 3 |  4- 6 |  7- 9 | 10-12 || total
-------------------------+-------+-------+-------+-------++-------
Melee: Long sword        |    30 |     7 |       |       ||    37
       Headbutt          |     3 |    11 |    21 |    39 ||    74
       Scimitar          |       |    29 |    86 |   136 ||   251
 Fire: Hand crossbow     |       |       |       |     6 ||     6
 Cast: Regeneration      |       |       |       |     7 ||     7
Invok: Grand Finale      |       |       |     1 |     3 ||     4
  Use: Potion            |       |     1 |       |       ||     1
       Scroll            |       |       |     6 |     5 ||    11
 Stab: Paralysed         |       |     1 |     4 |     5 ||    10
  Eat: Chunk             |       |       |     1 |     5 ||     6
Armor: Scale mail        |    15 |     9 |    35 |    26 ||    85
Dodge: Dodged            |    13 |     9 |    40 |    36 ||    98
Block: Shield            |    16 |    18 |    67 |    65 ||   166
       Rpst.: Long sword |     2 |     2 |       |       ||     4
       Scimitar          |       |     2 |     3 |     6 ||    11

Table legend:
 A = Spawn XP
 B = Non-spawn XP
 C = Spawn XP percentage of total XP
 D = Spawn monster count
 E = Non-spawn monster count
 F = Spawn count percentage of total count
 G = Total turns spent on level
                    A         B        C        D         E        F      G
               +---------+---------+-------+---------+---------+-------+---------
         Total |       0 |   20753 |   0.0 |       0 |      99 |   0.0 |  1468
               +---------+---------+-------+---------+---------+-------+---------
             D |       0 |   20753 |   0.0 |       0 |      99 |   0.0 |  1468
               +---------+---------+-------+---------+---------+-------+---------
